Map: [ESL] Alcyone

Players

Gerald - Winner!

  • Race: Protoss Protoss
  • Spawn Location: 1:00

YoungYakov

  • Race: Zerg Zerg
  • Spawn Location: 7:00

Event: ESL SC2 Masters 2023 Winter (Regional)

VOD

Have the link to the VOD?

Description

Time

  • Played on: Nov. 2, 2023, 10:02 a.m.
  • Length: 14:15

All games in this series

Show
View Real Time Build Order
Export as new Build Order

Gerald Protoss - Winner!

Build Orders: 1 Gate Expand, Oracle Opening 

Get SALT Encoding   

  12  0:00  Probe  
  13  0:12  Probe  
  14  0:20  Pylon  
  14  0:24  Probe  
  15  0:38  Probe (Chrono Boost)  
  15  0:41  Gateway  
  16  0:48  Probe (Chrono Boost)  
  16  0:49  Assimilator  
  17  0:53  Probe (Chrono Boost)  
  18  1:04  Probe  
  19  1:16  Probe  
  20  1:26  Nexus  
  20  1:29  Probe  
  21  1:39  Cybernetics Core  
  21  1:45  Probe  
  22  1:49  Assimilator  
  22  1:53  Pylon  
  21  1:58  Probe  
  22  2:10  Probe  
  22  2:12  Adept (Chrono Boost)  
  25  2:22  Probe  
  26  2:24  Stargate  
  26  2:32  Adept (Chrono Boost)  
  26  2:34  Probe  
  29  2:38  Probe  
  29  2:41  Warp Gate  
  30  2:46  Probe  
  30  2:50  Probe  
  32  2:55  Adept  
  32  2:58  Probe  
  35  3:01  Gateway  
  35  3:03  Probe  
  36  3:07  Oracle (Chrono Boost)  
  36  3:10  Probe  
  40  3:15  Probe  
  41  3:22  Probe  
  41  3:25  Pylon  
  42  3:27  Probe  
  43  3:34  Probe  
  43  3:36  Oracle (Chrono Boost)  
  43  3:39  Probe  
  46  3:45  Pylon  
  46  3:46  Probe  
  47  3:51  Probe  
  48  3:59  Probe  
  49  4:04  Probe  
  50  4:11  Probe  
  50  4:13  Pylon  
  50  4:14  Void Ray (Chrono Boost)  
  50  4:16  Probe  
  56  4:22  Assimilator  
  56  4:23  Probe  
  57  4:24  Nexus  
  57  4:26  Pylon  
  57  4:28  Probe  
  55  4:39  Probe  
  55  4:40  Probe  
  55  4:41  Adept x2  
  58  4:46  Gateway  
  58  4:47  Gateway  
  58  4:49  Shield Battery  
  58  4:51  Probe  
  59  4:53  Twilight Council  
  59  5:00  Probe  
  59  5:01  Twilight Council  
  60  5:10  Stalker, Probe  
  60  5:11  Stalker  
  65  5:18  Probe  
  66  5:23  Probe  
  67  5:30  Probe  
  67  5:35  Probe  
  65  5:38  Probe  
  65  5:40  Stalker x2  
  65  5:42  Oracle, Shield Battery, Probe  
  72  5:47  Probe  
  71  5:50  Probe  
  71  5:52  Shield Battery  
  71  5:54  Probe  
  71  5:55  Adept  
  71  5:56  Adept  
  73  5:59  Probe  
  73  6:02  Shield Battery  
  73  6:03  Probe  
  75  6:08  Gateway, Probe  
  75  6:10  Gateway  
  76  6:11  Stalker  
  76  6:12  Gateway  
  76  6:14  Gateway, Probe, Stalker  
  81  6:22  Probe  
  81  6:24  Oracle  
  85  6:32  Zealot x2  
  89  6:36  Probe  
  89  6:38  Pylon  
  90  6:48  Probe  
  90  6:52  Stalker x2  
  91  6:54  Probe  
  91  7:00  Probe  
  90  7:03  Assimilator  
  90  7:06  Probe  
  90  7:07  Forge  
  91  7:09  Assimilator  
  91  7:10  Assimilator, Stalker  
  91  7:15  Pylon  
  92  7:20  Pylon  
  92  7:22  Pylon  
  92  7:24  Pylon  
  92  7:32  Zealot x2  
  92  7:33  Stalker x2  
  92  7:34  Stalker  
  92  7:35  Stalker x2  
  97  7:38  Probe  
  97  7:41  Protoss Ground Weapons Level 1 (Chrono Boost)  
  98  7:44  Dark Shrine  
  98  7:46  Probe  
  98  7:47  Stalker  
  98  7:49  Pylon  
  101  7:57  Zealot x3  
  101  7:58  Zealot x3  
  113  7:59  Blink (Chrono Boost)  
  113  8:04  Nexus  
  113  8:12  Gateway  
  113  8:18  Pylon  
  112  8:21  Probe x2  
  112  8:24  Charge (Chrono Boost)  
  114  8:32  Zealot x8  
  114  8:34  Probe  
  131  8:35  Pylon  
  131  8:40  Probe  
  132  8:44  Probe  
  132  8:45  Templar Archives  
  132  8:46  Probe  
  134  8:53  Stalker x4, Probe  
  134  8:55  Shield Battery  
  143  8:56  Probe  
  143  8:58  Probe  
  145  9:05  Pylon, Probe  
  145  9:08  Assimilator, Probe  
  147  9:14  Assimilator  
  147  9:21  Dark Templar x4  
  147  9:22  Dark Templar x2  
  155  9:27  Stalker  
  155  9:28  Stalker  
  159  9:31  Probe  
  159  9:32  Probe  
  159  9:37  Photon Cannon  
  151  9:39  Photon Cannon, Pylon  
  151  9:52  Stalker  
  149  9:53  Stalker x2  
  153  10:02  Zealot x6  
  163  10:11  Probe  
  163  10:12  Psionic Storm  
  160  10:18  Protoss Ground Weapons Level 2 (Chrono Boost)  
  160  10:21  Probe  
  159  10:22  Probe  
  154  10:29  High Templar x3  
  154  10:30  Stalker x6  
  154  10:37  Probe  
  154  10:41  Forge  
  154  10:46  Nexus  
  155  10:51  Photon Cannon, Shield Battery  
  155  10:56  Pylon  
  153  10:58  Stalker x2  
  153  10:59  Stalker x4  
  153  11:02  Zealot  
  153  11:03  Pylon  
  167  11:16  Zealot x2  
  162  11:20  Archon  
  162  11:22  Zealot  
  162  11:23  Zealot x6  
  146  11:33  Probe  
  146  11:34  Void Ray  
  146  11:39  Stalker x2  
  148  11:46  Dark Templar x2  
  152  11:47  High Templar x5  
  152  11:49  Probe x2  
  164  12:04  Dark Templar x2  
  168  12:13  Probe  
  168  12:17  Void Ray  
  168  12:18  Probe  
  168  12:21  High Templar x2  
  168  12:22  Probe x2  
  172  12:23  Pylon  
  172  12:24  Zealot x5  
  172  12:25  Assimilator  
  178  12:30  Probe  
  178  12:32  Probe  
  178  12:34  Probe  
  179  12:47  Stalker  
  179  12:48  Stalker x6  
  193  12:53  Shield Battery  
  193  12:57  Pylon  
  189  13:07  Archon  
  189  13:12  Stalker x9  
  169  13:30  Probe  
  169  13:31  Probe x3  
  164  13:36  Zealot x6  
  164  13:37  Zealot x3  
  164  13:38  Probe  
  174  13:43  Probe x2  
  174  13:44  Probe  
  174  13:45  Probe  
  178  13:50  Probe  
  178  13:55  Probe x2  
  181  13:56  Probe  
  181  13:57  Probe, Stalker x7  
  181  14:02  Probe  
  196  14:11  Stalker x2  
Show
View Real Time Build Order
Export as new Build Order

YoungYakov Zerg 

Build Orders: Hatch First 

Get SALT Encoding   

  12  0:00  Drone  
  13  0:12  Overlord  
  13  0:16  Drone  
  14  0:30  Drone x2  
  16  0:37  Drone  
  17  0:51  Drone  
  17  0:56  Hatchery  
  17  0:59  Drone  
  18  1:05  Extractor  
  17  1:15  Spawning Pool  
  16  1:18  Drone  
  16  1:22  Drone  
  18  1:31  Drone  
  19  1:41  Drone  
  20  1:54  Overlord  
  20  2:02  Queen  
  20  2:08  Queen  
  22  2:10  Zergling x2  
  22  2:11  Zergling x2  
  22  2:12  Metabolic Boost  
  26  2:16  Drone  
  26  2:22  Drone x2  
  29  2:38  Hatchery  
  29  2:42  Drone  
  29  2:47  Queen  
  31  2:52  Overlord  
  31  2:55  Zergling x2  
  31  2:57  Drone  
  33  3:00  Drone  
  33  3:02  Drone  
  35  3:06  Drone  
  35  3:12  Queen  
  36  3:13  Drone  
  36  3:18  Drone x2  
  40  3:21  Drone  
  40  3:25  Drone x2  
  42  3:38  Drone, Overlord  
  43  3:46  Roach Warren  
  42  3:51  Queen  
  44  3:57  Drone  
  44  3:59  Spore Crawler  
  44  4:01  Drone x4  
  48  4:06  Drone x2  
  48  4:11  Drone x2  
  48  4:13  Drone x3  
  54  4:17  Overlord  
  54  4:21  Spore Crawler  
  54  4:22  Drone x2  
  54  4:23  Drone  
  56  4:30  Queen, Overlord  
  57  4:36  Drone x4  
  56  4:40  Drone x2  
  58  4:48  Drone x3  
  58  4:49  Baneling Nest  
  60  5:05  Spore Crawler  
  60  5:06  Zergling x6  
  60  5:09  Hatchery  
  60  5:10  Zergling x6  
  60  5:12  Zergling x4  
  60  5:15  Zergling x2  
  60  5:19  Zergling x2  
  60  5:20  Overlord  
  61  5:31  Overlord  
  58  5:38  Overlord  
  58  5:42  Overlord x2  
  58  5:49  Baneling x4  
  58  5:51  Overlord  
  58  5:56  Zergling x2  
  58  5:57  Zergling x4  
  60  5:59  Zergling x12  
  60  6:01  Zergling x2  
  65  6:07  Zergling x2  
  66  6:13  Zergling x2  
  66  6:14  Zergling x2, Evolution Chamber  
  66  6:15  Baneling x3  
  66  6:16  Zergling x8, Baneling  
  71  6:21  Queen  
  71  6:22  Zergling x6  
  74  6:28  Zergling x8  
  74  6:31  Zergling x4  
  74  6:32  Zergling x2  
  67  6:47  Zergling x18  
  67  6:53  Zergling x6  
  73  6:54  Zerg Melee Weapons Level 1  
  73  6:59  Drone x4  
  76  7:06  Drone x3  
  79  7:09  Drone x4  
  79  7:15  Lair  
  82  7:16  Drone x3  
  82  7:18  Drone  
  86  7:27  Evolution Chamber  
  81  7:30  Drone x8  
  81  7:34  Drone  
  81  7:36  Drone x5  
  89  7:38  Drone x2  
  89  7:42  Spore Crawler  
  87  7:47  Drone x3, Roach Warren  
  87  7:50  Overlord  
  89  7:53  Zergling x2  
  89  7:54  Zergling x6  
  93  7:59  Zergling x6  
  93  8:03  Baneling x4  
  93  8:04  Overlord x2  
  96  8:08  Overlord  
  94  8:13  Extractor  
  94  8:14  Zergling x2, Overlord  
  94  8:15  Zergling x14, Extractor  
  100  8:24  Drone x3  
  100  8:25  Drone x3  
  104  8:30  Roach x5  
  104  8:33  Extractor  
  110  8:34  Extractor, Roach  
  110  8:35  Roach x2  
  110  8:36  Zergling x2  
  110  8:40  Drone  
  117  8:44  Zergling x8  
  117  8:45  Zergling x2  
  117  8:46  Baneling  
  117  8:47  Zergling x2  
  123  8:50  Baneling x5  
  123  8:52  Zergling x10  
  123  8:53  Hatchery  
  127  8:56  Overlord  
  127  9:01  Zergling x6, Extractor  
  129  9:03  Glial Reconstitution, Overlord  
  129  9:04  Overlord x2  
  129  9:06  Zergling x8  
  130  9:17  Drone x3  
  130  9:18  Drone  
  130  9:21  Roach x4  
  140  9:24  Zerg Melee Weapons Level 2  
  140  9:25  Drone x3  
  140  9:27  Overlord  
  140  9:30  Roach x2  
  152  9:38  Roach x4  
  152  9:41  Spore Crawler  
  152  9:42  Baneling x5  
  150  9:48  Overseer  
  150  9:51  Zergling x16  
  155  9:55  Zergling x8  
  154  10:01  Roach  
  154  10:02  Roach x4  
  154  10:04  Zergling x8  
  154  10:05  Centrifugal Hooks  
  155  10:09  Zergling x4  
  156  10:16  Zergling x2  
  156  10:17  Zergling x4  
  156  10:20  Roach  
  158  10:27  Zergling x6  
  146  10:31  Roach  
  139  10:35  Roach  
  139  10:36  Roach x6  
  139  10:37  Zerg Missile Weapons Level 1  
  139  10:42  Spore Crawler  
  149  10:43  Zergling x10  
  149  10:48  Drone x2  
  149  10:49  Drone x4  
  161  10:50  Drone  
  161  10:51  Drone x2  
  161  10:55  Zergling x2, Ravager x5  
  161  10:56  Overlord, Ravager x2  
  171  11:03  Roach x3  
  174  11:14  Zergling x20  
  175  11:25  Roach x9  
  183  11:27  Overseer  
  183  11:30  Zergling x6  
  169  11:37  Roach x2  
  163  11:45  Zergling x16  
  171  11:48  Queen  
  171  11:49  Queen  
  171  11:51  Baneling x3  
  175  11:55  Baneling x3  
  175  11:56  Baneling x20  
  175  11:58  Zergling x10  
  180  12:15  Pneumatized Carapace  
  174  12:16  Overseer x2, Overlord x2  
  174  12:22  Zergling x6  
  173  12:23  Overlord x3  
  163  12:31  Zergling x4, Roach x4  
  163  12:35  Roach x2  
  163  12:36  Roach x2  
  181  12:42  Zergling x6  
  184  12:46  Ravager x4  
  184  12:48  Zergling x8  
  184  12:49  Ravager  
  184  12:51  Baneling x5  
  193  12:54  Zergling x6  
  181  13:05  Zergling x4  
  181  13:06  Zergling x12  
  176  13:16  Zergling x14  
  176  13:17  Hatchery  
  172  13:26  Roach  
  172  13:27  Roach x4  
  175  13:31  Roach x2  
  160  13:35  Roach  
  160  13:39  Roach  
  160  13:40  Roach  
  146  13:45  Roach x5  
  146  13:47  Roach x2  
  152  13:50  Infestation Pit  
  152  13:54  Roach x3  
  142  14:04  Ravager x2  
Tags
 
Add a new tag
Caveats
  • Supply blocks, unpowered buildings, or Contaminate may cause inaccurate times.
  • Supply counts are checked every 10 seconds.